 Dungeon Crawl Stone Soup version 0.30-a0-210-g01b79a254e (webtiles) character file.

Game seed: 7052974998017186388

134 LnG the Sneak (level 5, -9/28 HPs)
             Began as a Kobold Summoner on Oct 4, 2022.
             Killed by divine providence
             ... invoked by an orc priest
              (13 damage)
             ... on level 3 of the Dungeon.
             The game lasted 00:07:11 (2790 turns).

LnG the Sneak (Kobold Summoner)                     Turns: 2790, Time: 00:07:12

Health: -9/28      AC:  9    Str:  6    XL:     5   Next: 40%
Magic:  1/8        EV: 16    Int: 18    God:
Gold:   51         SH:  0    Dex: 21    Spells: 0/9 levels left

rFire   . . .      SeeInvis .    h - +1 dagger (protect)
rCold   . . .      Faith    .    (no shield)
rNeg    . . .      Spirit   .    a - +0 robe
rPois   .          Reflect  .    (no helmet)
rElec   .          Harm     .    (no cloak)
rCorr   .          Rampage  .    (no gloves)
Will    .....                    (no boots)
Stlth   ++++......               (no amulet)
HPRegen 0.24/turn                f - +6 ring of dexterity
MPRegen 0.11/turn                (no ring)

@: under a protective aura
A: small, no large weapons, nightstalker 3
a: no special abilities


You were on level 3 of the Dungeon.
You visited 1 branch of the dungeon, and saw 3 of its levels.

You collected 161 gold pieces.
You spent 110 gold pieces at shops.

Inventory:

Hand Weapons
 d - a +0 dagger
 h - a +1 dagger of protection (weapon)
Armour
 a - a +0 robe (worn)
Jewellery
 f - a +6 ring of dexterity (left hand)
Scrolls
 e - a scroll of fear {unknown}
 g - a scroll of magic mapping
Potions
 b - a potion of magic
 c - a potion of curing {unknown}


   Skills:
 + Level 0.8 Fighting
 + Level 1.7 Short Blades
 + Level 3.0 Dodging
 * Level 5.0 Stealth
 + Level 2.5 Spellcasting
 + Level 4.7 Summonings


You couldn't memorise any spells.
You knew the following spells:

 Your Spells              Type           Power      Damage    Failure   Level
a - Summon Small Mammal   Summ           76%        N/A       2%          1
b - Call Imp              Summ           19%        N/A       3%          2
c - Call Canine Familiar  Summ           19%        N/A       8%          3
d - Summon Guardian Gole  Hex/Summ       10%        N/A       19%         3

Your spell library contained the following spells:

 Spells                   Type           Power      Damage    Failure   Level
 Magic Dart               Conj           8%         1d3       17%         1
 Blink                    Tloc           4%         N/A       26%         2
 Momentum Strike          Conj/Tloc      4%         3d8       26%         2
 Searing Ray              Conj           4%         2d4       26%         2
 Dazzling Flash           Conj/Hex       4%         N/A       45%         3
 Gell's Gravitas          Tloc           2%         N/A       45%         3
 Lesser Beckoning         Tloc           4%         N/A       45%         3
 Teleport Other           Tloc           2%         N/A       45%         3
 Summon Lightning Spire   Summ/Air       10%        N/A       54%         4
 Fulminant Prism          Conj/Hex       1%         3d6       86%         4
 Leda's Liquefaction      Hex/Erth       1%         N/A       86%         4
 Agony                    Necr           2%         N/A       99%         5
 Lee's Rapid Deconstruct  Erth           1%         3d5*      99%         5
 Silence                  Hex/Air        1%         N/A       99%         5
 Dispersal                Tloc           1%         N/A       100%        6
 Statue Form              Tmut/Erth      1%         N/A       100%        6


Dungeon Overview and Level Annotations

Branches:
Dungeon (3/15)

Altars:
Gozag
Hepliaklqana
Yredelemnul

Shops:
D:1 =   D:2 *   D:3 [


Innate Abilities, Weirdness & Mutations

You are small and have problems with some larger weapons.
You are completely attuned to the shadows.


Message History

Confirm with . or Enter, or press ? or * to list all spells.
The spell is quite dangerous to miscast (8% risk of failure)!
Continue anyway?
The orc priest closely misses you. The orc hits you with a +0 club.
You hit the orc priest.
You punch the orc priest, but do no damage.
The orc priest is almost dead.
Your hound closely misses something.
The orc priest calls upon Beogh to heal the orc priest.
The orc priest is healed somewhat.
The orc hits you but does no damage. The orc priest misses you.
You hit the orc priest but do no damage.
The orc priest is heavily wounded.
Your iron imp hits the orc!
The orc dies!
Something closely misses your hound. The orc priest closely misses you.
Unknown command.
You hit the orc priest but do no damage.
The orc priest is heavily wounded.
Your hound bites the orc priest.
Your iron imp barely misses the orc priest.
Your hound bites the orc priest.
Unknown command.
You hit the orc priest but do no damage.
The orc priest is heavily wounded.
Something barely misses your hound.
The orc priest invokes the aid of Beogh against you.
Pain shoots through your body!
Ouch! That really hurt!
* * * LOW HITPOINT WARNING * * *
The orc priest casts a cantrip, but nothing happens.
Your hound completely misses the orc priest.
You hit the orc priest.
The orc priest is almost dead.
Your hound bites the orc priest.
The orc priest mumbles some strange prayers to Beogh against you.
Pain shoots through your body!
* * * LOW HITPOINT WARNING * * *
The orc priest mumbles some strange prayers to Beogh against you.
Beogh smites you!
You die...

........ ....<.#.#.$$
..........
.####.#.#$..
...........
#....#.####
........... )....
....####....
........... #...##..#
.............#..#.#.#
##.#.#.### #.#...h..#
##...#..# #.#.5oo{..
...####.# #.#.#@##.#
.#.# #.# #...#.# .#.#
#.# ###.#.# ##.# #.#
#...# #..#
#.######..## #.##
#........##### ..#
#########..... #.#
........#### ..#
.#########


You could see 2 orc priests, a friendly hound (summoned) and a friendly iron imp
(summoned).

Vanquished Creatures
  A gnoll (D:3)
  3 adders (D:2)
  2 dart slugs (D:1)
  4 ball pythons
  3 bats (D:1)
  2 giant cockroaches (D:2)
  3 goblins
  3 hobgoblins
  6 jackals (D:2)
  2 kobolds
  A quokka (D:1)
  2 frilled lizards (D:1)
  2 rats (D:2)
34 creatures vanquished.

Vanquished Creatures (collateral kills)
  3 gnolls (D:3)
  An orc (D:3)
  2 endoplasms (D:2)
  2 hobgoblins (D:1)
  2 jackals (D:2)
  2 quokkas (D:1)
  4 ball pythons (D:1)
  2 frilled lizards
  3 goblins (D:2)
  A kobold (D:1)
  2 rats (D:1)
24 creatures vanquished.

Grand Total: 58 creatures vanquished

Notes
Turn   | Place    | Note
-------+----------+-------------------------------------------
     0 | D:1      | LnG the Kobold Summoner began the quest for the Orb.
     0 | D:1      | Reached XP level 1. HP: 10/10 MP: 3/3
   276 | D:1      | Reached XP level 2. HP: 15/15 MP: 3/5
   360 | D:1      | Learned a level 2 spell: Call Imp
   671 | D:1      | Reached XP level 3. HP: 16/20 MP: 4/6
   675 | D:1      | Learned a level 3 spell: Call Canine Familiar
   725 | D:1      | Found a faded altar of an unknown god.
   759 | D:1      | Reached skill level 3 in Stealth
  1075 | D:1      | Found Raumesec's Jewellery Emporium.
  1496 | D:2      | Reached XP level 4. HP: 11/24 MP: 7/7
  1655 | D:2      | Found a hazy altar of Hepliaklqana.
  1786 | D:2      | Found Angaus's Assorted Antiques.
  1791 | D:2      | Bought a runed dagger for 110 gold pieces
  1879 | D:2      | Reached skill level 1 in Short Blades
  1879 | D:2      | Reached skill level 4 in Stealth
  2467 | D:3      | Found an opulent altar of Gozag.
  2512 | D:3      | Reached XP level 5. HP: 28/28 MP: 8/8
  2627 | D:3      | Found a basalt altar of Yredelemnul.
  2650 | D:3      | Reached skill level 5 in Stealth
  2656 | D:3      | Found Fapikk's Antique Armour Emporium.
  2700 | D:3      | Learned a level 3 spell: Summon Guardian Golem
  2790 | D:3      | Killed from afar by an orc priest

Illustrated notes

Levels and vault maps discovered:
D:1:      dpeg_arrival_ternary, layout_loops_corners, serial_shops, shop,
          shapermc_ecumenical_altar_petra
D:2:      layout_basic, basic_altar, serial_shops, nicolae_shop_waterfront,
          hangedman_decor_riveting, minmay_ruptured
D:3:      layout_rooms, amcnicky_altar_gilded,
          mainiacjoe_overflow_surrounded_room, serial_shops, shop, shop,
          nicolae_shop_bloodbath_and_beyond, shop, serial_co_window_serial,
          co_window_paths_a, co_window_paths_a, co_window_of_opportunity_a,
          co_window_paths_a, co_window_corner_a, co_window_paths_b,
          co_window_2corner, co_window_unsneaky_path_d, co_window_broadway_b,
          co_window_broadway_a, co_window_broadway_b, co_window_paths_d,
          glass_columns_b

Skill      XL: |  1  2  3  4  5 |
---------------+----------------+-----
Stealth        | 3 4 5 |  5.0
Short Blades   | 1 |  1.7
Dodging        | 3 |  3.0
Fighting       | |  0.8
Spellcasting   | |  2.5
Summonings     | |  4.7

Action                   |  1- 3 |  4- 6 || total
-------------------------+-------+-------++-------
Melee: Unarmed           |    20 |       ||    20
       Dagger            |    53 |    83 ||   136
       Punch             |       |     2 ||     2
 Cast: Summon Small Mamm |    15 |     2 ||    17
       Call Imp          |     5 |     1 ||     6
       Call Canine Famil |       |     6 ||     6
  Use: Scroll            |       |     2 ||     2
 Stab: Sleeping          |    11 |     8 ||    19
Armor: Robe              |     8 |    32 ||    40
Dodge: Dodged            |    53 |    87 ||   140

Table legend: (Time is in decaauts)
 A = Elapsed time spent in this place.
 B = Non-inter-level travel time spent in this place.
 C = Inter-level travel time spent in this place.
 D = Time resting spent in this place.
 E = Time spent auto-exploring this place.
 F = Levels seen in this place.
 G = Mean time per level.
                   A        B        C        D        E       F      G
               +--------+--------+--------+--------+--------+-----+--------+
         Total |   2783 |   2618 |    165 |     35 |   2079 |   3 |  927.7 |
       Dungeon |   2783 |   2618 |    165 |     35 |   2079 |   3 |  927.7 |
               +--------+--------+--------+--------+--------+-----+--------+

Top non-repeatable levels by time:
     D:1: 1456 daAuts
     D:2: 999 daAuts
     D:3: 326 daAuts
